Cogmind - Beta 16.1 @@@ ROGUE MODE // 2026.02.24 @ 14:04:47 // Winter2019/RPGLIKE Player: badjay Result: Destroyed by G-50 Soldier with Heavy Laser Performance ------------- Evolutions (2) 1000 Regions Visited (4) 800 Robots Destroyed (29) 145 Value Destroyed (840) 840 Prototype IDs (5) 100 Alien Tech Used (0) 0 Bonus (0) 0 TOTAL SCORE: 2885 Bonus ------- None Cogmind --------- Core Integrity 0/600 Matter 300/300 Energy 158/160 System Corruption 0% Temperature Cool (15) Movement Flying (30) Location -8/Storage Parts ------- > --- POWER (1) -------- Light Nuclear Core > --- PROPULSION (4) --- Flight Unit VTOL Module VTOL Module > --- UTILITY (2) ------ Structural Scanner Microactuators > --- WEAPON (4) ------- Heavy Hammer Katana > --- INVENTORY (0) ---- (None) Peak State ------------ > --- POWER ------------ Light Nuclear Core > --- PROPULSION ------- Flight Unit Flight Unit VTOL Module Cesium-ion Thruster > --- UTILITY ---------- Structural Scanner Microactuators > --- WEAPON ----------- Light Assault Rifle Enhanced Autogun Enhanced Autogun Katana > --- INVENTORY -------- (None) [Rating: 27] Favorites ----------- Power Light Ion Engine Engine Light Ion Engine Power Core Light Nuclear Core Propulsion Flight Unit Flight Unit Flight Unit Utility Microactuators Device Microactuators Weapon EM Pulse Gun Energy Gun EM Pulse Gun Ballistic Gun Enhanced Autogun Impact Weapon Heavy Hammer Slashing Weapon Katana Build | -11 -10 -10 -8 -8 ------- Run | Yrd Mat Sub Mat Sto Slots Evolved 7 | . 1 . 6 . Power . | . . . . . Propulsion 3 | . 1 . 2 . Utility 1 | . . . 1 . Weapon 3 | . . . 3 . Parts Attached 18 | 1 3 . 14 . Power 2 | . 1 . 1 . Engine 1 | . 1 . . . Core 1 | . . . 1 . Reactor . | . . . . . Propulsion 6 | . 2 . 4 . Treads . | . . . . . Leg . | . . . . . Wheel . | . . . . . Hover . | . . . . . Flight 6 | . 2 . 4 . Utility 3 | . . . 3 . Device 3 | . . . 3 . Storage . | . . . . . Processor . | . . . . . Hackware . | . . . . . Protection . | . . . . . Artifact . | . . . . . Weapon 7 | 1 . . 6 . Energy Gun 2 | 1 . . 1 . Energy Cannon . | . . . . . Ballistic Gun 3 | . . . 3 . Ballistic Cannon . | . . . . . Launcher . | . . . . . Special Weapon . | . . . . . Impact Weapon 1 | . . . 1 . Slashing Weapon 1 | . . . 1 . Piercing Weapon . | . . . . . Special Melee Weapon . | . . . . . Unidentified Prototypes 1 | . . . 1 . Parts Lost 4 | . . . 3 1 Power 1 | . . . 1 . Propulsion 2 | . . . 1 1 Utility . | . . . . . Weapon 1 | . . . 1 . Highest Loss Streak 2 | . . . 2 1 To Critical Strikes . | . . . . . Average Backups . | . . . . . Power . | . . . . . Propulsion . | . . . . . Utility . | . . . . . Weapon . | . . . . . Tool/Special . | . . . . . Unused Backups . | . . . . . Power . | . . . . . Propulsion . | . . . . . Utility . | . . . . . Weapon . | . . . . . Tool/Special . | . . . . . Average Slot Usage (%) 76 | . 72 80 81 77 Engine 10 | . 16 20 3 . Core 3 | . . . 7 9 Flight 35 | . 34 40 36 32 Device 5 | . . . 11 18 Energy Gun 13 | . 20 20 7 . Ballistic Gun 4 | . . . 12 . Impact Weapon 1 | . . . . 9 Slashing Weapon 1 | . . . 2 9 Peak Build Rating 27 | 1 4 4 27 21 Average Rating 10 | . 3 4 18 19 On Entrance 6 | . 1 4 4 21 Avg Prop Armor Cover (%) . | . . . . . Naked Turns . | . . . . . Heaviest Build 17 | 2 5 5 17 13 Greatest Support 19 | 3 8 8 19 19 Greatest Overweight (x) . | . . . . . Average Overweight (x) . | . . . . . Largest Inventory Capacity . | . . . . . Average Capacity . | . . . . . Most Carried . | . . . . . Average Carried . | . . . . . Final Capacity . | . . . . . Final Carried . | . . . . . Class Distribution -------------------- 50% | Hacker-Mutant 46% | Hacker-Sprinter 3% | Mutant Dominant Class ---------------- Hacker-Mutant | -10/Materials Hacker-Mutant | -10/Subcaves Hacker-Sprinter | -8/Materials Hacker-Sprinter | -8/Storage Resources | -11 -10 -10 -8 -8 ----------- Run | Yrd Mat Sub Mat Sto Matter Collected 625 | 61 195 . 243 126 Remotely . | . . . . . Salvage Created 978 | . 367 . 352 259 Parts 63 | . 29 . 27 7 Haulers Intercepted 1 | . . . . 1 Recyclers Shooed . | . . . . . Parts Field Recycled . | . . . . . Retrieved Matter . | . . . . . Parts Self-Destructed . | . . . . . Prevented . | . . . . . Parts Restored . | . . . . . Kills | -11 -10 -10 -8 -8 ------- Run | Yrd Mat Sub Mat Sto Combat Hostiles Destroyed 27 | . 13 . 11 3 Melee 2 | . . . 1 1 Guns 20 | . 10 . 10 . AOE 2 | . 2 . . . Classes Destroyed 6 | . 3 . 2 1 Tunneler 1 | . 1 . . . Hauler 1 | . . . . 1 Swarmer 9 | . 5 . 4 . Grunt 10 | . 8 . 2 . Duelist 1 | . . . 1 . Sentry 7 | . . . 4 3 Best Kill Streak 5 | . 3 . 5 3 Combat Bots Only 5 | . 3 . 5 2 Max Kills in Single Turn 2 | . 1 . 2 1 Gunslinging 1 | . . . 1 . Exploded 1 | . 1 . . . Melee 1 | . . . 1 1 Uniques/NPCs Destroyed . | . . . . . Combat | -11 -10 -10 -8 -8 -------- Run | Yrd Mat Sub Mat Sto Hostile Shots Fired 202 | . 87 2 100 13 Missed 87 | . 31 2 46 8 Hits 115 | . 56 . 54 5 Melee 1 | . . . 1 . Projectile 114 | . 56 . 53 5 Critical Strikes 2 | . . . 1 1 Damage Taken 1484 | . 609 . 800 75 Core 1254 | . 515 . 670 69 Absorbed by Shields . | . . . . . Redirected to Core 786 | . 310 . 453 23 Core Remaining (%) 94 | 100 . 88 . . Volleys Fired 103 | . 71 . 32 . Largest 4 | . 1 . 4 . Hottest 130 | . 40 . 130 . Shots Fired 169 | . 70 . 99 . Gun 169 | . 70 . 99 . Cannon . | . . . . . Launcher . | . . . . . Special . | . . . . . Kinetic 76 | . . . 76 . Thermal . | . . . . . Explosive . | . . . . . Electromagnetic 93 | . 70 . 23 . Robot Hit Streak 9 | . 9 . 7 . Robot Miss Streak 5 | . 4 . 5 . Penetration Max . | . . . . . Secondary Targets 1 | . . . 1 . Max Gunslinging Chain 1 | . . . 1 . Shots Hit Robots 118 | . 48 . 63 7 Core Hits 47 | . 20 . 26 1 Critical Kills . | . . . . . Critical Parts Destroyed 2 | . . . 1 1 Critical Strikes 4 | . 1 . 1 2 Corrupt 1 | . 1 . . . Smash 2 | . . . 1 1 Sever 1 | . . . . 1 Melee Attacks 17 | . . . 8 9 Impact 13 | . . . 5 8 Slashing 4 | . . . 3 1 Piercing . | . . . . . Sneak Attacks 1 | . . . . 1 Combat Hostiles . | . . . . . Follow-up Attacks 1 | . . . . 1 Damage Inflicted 1960 | . 752 . 952 256 Guns 1404 | . 620 . 784 . Cannons . | . . . . . Explosions 132 | . 132 . . . Melee 424 | . . . 168 256 Ramming . | . . . . . Kinetic 574 | . . . 574 . Thermal 132 | . 132 . . . Explosive . | . . . . . Electromagnetic 830 | . 620 . 210 . Impact 350 | . . . 124 226 Slashing 74 | . . . 44 30 Piercing . | . . . . . Highest Corruption 3 | . 3 3 . . Average Corruption 2 | . 2 3 . . Corruption Purged . | . . . . . Corruption Blocked . | . . . . . Effects 10 | . 9 1 . . Message Errors 5 | . 4 1 . . Matter Fused 2 | . 2 . . . Data Loss (minor) 2 | . 2 . . . Weapon Failures 1 | . 1 . . . Overload Shots . | . . . . . Overflow Damage 155 | . . . 50 105 Projectiles . | . . . . . Explosions . | . . . . . Melee 155 | . . . 50 105 Knockbacks . | . . . . . Impact . | . . . . . Kinetic . | . . . . . Secondary . | . . . . . Self-Inflicted Damage 32 | . 32 . . . Shots 1 | . 1 . . . Rammed . | . . . . . Targets Rammed . | . . . . . Kicked . | . . . . . Crushed . | . . . . . Highest Temperature 340 | . 90 . 340 12 Average Temperature 105 | . 26 . 153 12 Received Heat Transfer 501 | . 222 . 234 45 Effects 6 | . . . 6 . Energy Bleed 2 | . . . 2 . Interference 3 | . . . 3 . Damage (minor) 1 | . . . 1 . Siege Activations . | . . . . . Martial Activations . | . . . . . Shielding Activations . | . . . . . Robots Disrupted . | . . . . . Combat Hostiles . | . . . . . Robots Corrupted 3 | . 1 . . 2 Combat Hostiles 3 | . 1 . . 2 Parts Fried 5 | . 4 . . 1 Impact Corruptions 4 | . . . 1 3 Robots Melted . | . . . . . Combat Hostiles . | . . . . . Parts Melted . | . . . . . Heat Transferred 100 | . 100 . . . Parts Sabotaged . | . . . . . Parts Stolen . | . . . . . Parts Stripped . | . . . . . Power Chain Reactions 3 | . 3 . . . Alert | -11 -10 -10 -8 -8 ------- Run | Yrd Mat Sub Mat Sto Maximum Alert Level 1 | . . . 1 1 Low Security (%) 86 | 100 100 . 70 84 Level 1 13 | . . . 29 15 Level 2 . | . . . . . Level 3 . | . . . . . Level 4 . | . . . . . Level 5 . | . . . . . High Security . | . . . . . Max Security . | . . . . . Peak Influence 358 | . 178 . 358 235 Initial 105 | . . . 42 105 Average 123 | . 88 . 165 156 Influence Increases 1283 | . 416 . 687 180 Destroy 0b10 Robot/C 540 | . 260 . 220 60 Destroy 0b10 Robot/NC 10 | . 5 . . 5 Destroy Leader 152 | . 50 . 70 32 Successful Hack 75 | . 36 . 18 21 Destroy Structure 11 | . 5 . 4 2 Partial Spotted 90 | . . . 45 45 Lose Combat Pursuer 405 | . 60 . 330 15 Influence Decreases 1048 | . 238 96 518 196 Entered New Map 272 | . . 86 40 146 Time Decay 476 | . 228 10 198 40 Search Patrol Dispatched 100 | . . . 100 . Lost Part 40 | . . . 30 10 Lost Ally 10 | . 10 . . . Purge Threat 150 | . . . 150 . Squads Dispatched 7 | . 3 . 2 2 Investigation 3 | . 2 . . 1 Extermination . | . . . . . Reinforcement 4 | . 1 . 2 1 Assault . | . . . . . Garrison . | . . . . . Intercept . | . . . . . Searches Triggered 1 | . . . 1 . Construction Impeded 1 | . . . 1 . Haulers Reinforced . | . . . . . Active Scanning Responses . | . . . . . Cargo Convoy Interrupts . | . . . . . Stealth | -11 -10 -10 -8 -8 --------- Run | Yrd Mat Sub Mat Sto Distress Signals 6 | . 2 . 2 2 Communications Jammed . | . . . . . Distress Signals . | . . . . . Times Spotted 90 | . 26 4 46 14 Peak Tracking Total 10 | . 4 2 10 6 Tactical Retreats 15 | . 4 . 10 1 Traps | -11 -10 -10 -8 -8 ------- Run | Yrd Mat Sub Mat Sto Traps Triggered 5 | . 3 . 1 1 Indirectly . | . . . . . Trap Hack Attempts . | . . . . . Triggered . | . . . . . Disarmed . | . . . . . Reprogrammed . | . . . . . Reused . | . . . . . Traps Extracted . | . . . . . Installed . | . . . . . Triggered . | . . . . . Machines | -11 -10 -10 -8 -8 ---------- Run | Yrd Mat Sub Mat Sto Machines Disabled . | . . . . . Max in Single Turn . | . . . . . Garrison Access 1 | . . . 1 . Machines Repaired . | . . . . . Machines Dismantled . | . . . . . Machines Sabotaged . | . . . . . Overloaded Fab Kills . | . . . . . Hacking | -11 -10 -10 -8 -8 --------- Run | Yrd Mat Sub Mat Sto Machines Accessed 20 | . 8 . 8 4 Terminals 18 | . 8 . 6 4 Fabricators . | . . . . . Repair Stations . | . . . . . Recycling Units . | . . . . . Scanalyzers 1 | . . . 1 . Garrison Access 1 | . . . 1 . Total Hacks 119 | . 46 . 54 19 Successful 70 | . 27 . 30 13 Failed 48 | . 19 . 23 6 Catastrophic 2 | . 2 . . . Database Lockouts 1 | . . . 1 . Manual 84 | . 35 . 38 11 Terminals 115 | . 46 . 50 19 Fabricators . | . . . . . Repair Stations . | . . . . . Recycling Units . | . . . . . Scanalyzers 2 | . . . 2 . Garrison Access 2 | . . . 2 . Terminal Hacks 32 | . 13 . 15 4 Part Schematic 3 | . 1 . 2 . Robot Schematic 1 | . . . . 1 Prototype ID Bank 3 | . 2 . 1 . Open Door 1 | . . . . 1 Level Access Points 1 | . . . 1 . Branch Access Points 3 | . 1 . 1 1 Machine Index 1 | . 1 . . . Terminal Index 1 | . . . 1 . Scanalyzer Index 1 | . . . 1 . Alert Level 4 | . 1 . 3 . Unreport Threat 1 | . . . 1 . Hauler Manifests 2 | . 2 . . . Registered Components 2 | . 1 . 1 . Registered Prototypes 2 | . 1 . 1 . Zone Layout 6 | . 3 . 2 1 Fabricator Hacks . | . . . . . Repair Station Hacks . | . . . . . Recycling Unit Hacks . | . . . . . Scanalyzer 1 | . . . 1 . Retrieve Study 1 | . . . 1 . Garrison Access Hacks 1 | . . . 1 . Seal Access 1 | . . . 1 . Unauthorized Hacks 36 | . 14 . 13 9 Terminals 36 | . 14 . 13 9 Track 7 | . 3 . 2 2 Assimilate 1 | . 1 . . . Botnet 10 | . 3 . 4 3 Disrupt 2 | . . . 1 1 Operators 2 | . 1 . 1 . Skim 14 | . 6 . 5 3 Fabricators . | . . . . . Repair Stations . | . . . . . Recycling Units . | . . . . . Scanalyzers . | . . . . . Garrison Access . | . . . . . Data Cores Recovered . | . . . . . Used . | . . . . . Hacking Detections 18 | . 8 . 6 4 Full Trace Events . | . . . . . Feedback Events . | . . . . . Feedback Blocked . | . . . . . Robot Schematics Acquired 1 | . . . . 1 Robots Built . | . . . . . Authchips . | . . . . . Time . | . . . . . Total Robot Build Rating . | . . . . . Part Schematics Acquired 3 | . 1 . 2 . Parts Built . | . . . . . Authchips . | . . . . . Time . | . . . . . Total Part Build Rating . | . . . . . Part Studies Acquired 1 | . . . 1 . Parts Repaired . | . . . . . Time . | . . . . . Parts Recycled . | . . . . . Recycled Matter . | . . . . . Retrieved Matter . | . . . . . Retrieved Components . | . . . . . Parts Scanalyzed . | . . . . . Part Schematics Acquired . | . . . . . Parts Damaged . | . . . . . Bothacking | -11 -10 -10 -8 -8 ------------ Run | Yrd Mat Sub Mat Sto Used RIF Installer . | . . . . . Robots Hacked . | . . . . . Non-combat . | . . . . . Combat . | . . . . . Robot Hacks Applied . | . . . . . Relay Couplers Released . | . . . . . Fabnet Peak Effective % . | . . . . . Robots Rewired . | . . . . . Allies Hacked . | . . . . . Hacks Repelled . | . . . . . Allies | -11 -10 -10 -8 -8 -------- Run | Yrd Mat Sub Mat Sto Total Allies 1 | . 1 . . . Largest Group 1 | . 1 . . . Highest-Rated Group 10 | . 10 . . . Highest-Rated Ally 10 | . 10 . . . Total Orders . | . . . . . Ally Attacks . | . . . . . Total Damage . | . . . . . Kills . | . . . . . Allies Corrupted . | . . . . . Allies Melted . | . . . . . Intel | -11 -10 -10 -8 -8 ------- Run | Yrd Mat Sub Mat Sto Active Infowar (turns) 306 | . . . 222 84 Structural 306 | . . . 222 84 Robot Analysis Total . | . . . . . Derelict Logs Recovered . | . . . . . Drone Launches . | . . . . . Drone Recoveries . | . . . . . Exploration | -11 -10 -10 -8 -8 ------------- Run | Yrd Mat Sub Mat Sto Turns Passed 1063 | 20 518 26 415 84 Spaces Moved 1811 | 36 781 70 733 191 Core 134 | 36 98 . . . Treads . | . . . . . Legs . | . . . . . Wheels . | . . . . . Hover . | . . . . . Flight 1677 | . 683 70 733 191 Fastest Speed 27 | 50 37 37 27 27 Average Speed 33 | 50 38 37 28 28 Slowest Speed 50 | 50 50 37 37 30 Overloaded Moves . | . . . . . Propulsion Burnouts . | . . . . . Robots Hopped 21 | . 13 . 7 1 Potential Cave-ins . | . . . . . Cave-ins Triggered . | . . . . . Exploration Rate (%) 40 | 3 89 7 65 40 Regions Visited 4 Branch Regions 2 Pre-discovered Areas 2 | . 2 . . . Known Exits Taken 1 | . . . 1 . Unknown Exits Taken 3 | 1 1 1 . . Scrap Searched . | . . . . . Spaces Dug 5 | . . . 3 2 Terrain Destroyed 10 | . 5 . 3 2 Melee 5 | . . . 3 2 Projectile . | . . . . . AOE 5 | . 5 . . . Terrain Rammed . | . . . . . Walls Destroyed . | . . . . . Machines Disabled . | . . . . . Actions | -11 -10 -10 -8 -8 --------- Run | Yrd Mat Sub Mat Sto Total 2095 | 36 910 69 870 210 Wait 133 | . 49 . 72 12 Move 1765 | 35 754 69 718 189 Hop 21 | . 13 . 7 1 Pick Up . | . . . . . Fast Attach 17 | 1 3 . 13 . Attach . | . . . . . Detach . | . . . . . Swap 3 | . . . 3 . Drop 8 | . . . 8 . Fire 103 | . 71 . 32 . Melee 16 | . . . 8 8 Ram . | . . . . . Kick . | . . . . . Crush . | . . . . . Escape Stasis . | . . . . . Rewire . | . . . . . Trap . | . . . . . Miscellaneous 29 | . 20 . 9 . Route ------- -11/Scrapyard -10/Materials (discovered 5 exits: [*Mat x3] / *Min / [*Sub]) -10/Subcaves (discovered 2 exits: *Mat / Rec) -8/Materials (discovered 5 exits: *Fac x3 / *Sto x2) -8/Storage (discovered 2 exits: Fac / Rec) History --------- Turn | Location | Event 5 | -11/Scrapyard | Discovered new exit (range 15) 21 | -11/Scrapyard | Entered Materials 59 | -10/Materials | Identified exit to Mines 84 | -10/Materials | Upgraded with Propulsion slot (x1) 133 | -10/Materials | Discovered new exit (range 12) 162 | -10/Materials | Discovered new exit (range 6) 181 | -10/Materials | Discovered new exit (range 3) 182 | -10/Materials | Learned 4 Recycling zone layouts 274 | -10/Materials | Loaded intel: 8 terminal locations 286 | -10/Materials | Learned location of 2 exits from Mines 289 | -10/Materials | Learned location of 1 exit from Storage 290 | -10/Materials | Learned 4 Subcaves zone layouts 291 | -10/Materials | Learned 4 Subcaves zone layouts 302 | -10/Materials | Learned location of Mines (-9) 322 | -10/Materials | Learned location of Storage (-8) 339 | -10/Materials | Build established: Hacker-Mutant 390 | -10/Materials | Core integrity fell below 50% 507 | -10/Materials | Reached level 2 521 | -10/Materials | Derelicts attacked the area 536 | -10/Materials | Discovered new exit (range 8) 539 | -10/Materials | Entered Subcaves 540 | -10/Subcaves | Identified exit to Recycling 548 | -10/Subcaves | Ambushed by Subdwellers from Twisted Machinery 561 | -10/Subcaves | Discovered new exit (range 11) 565 | -10/Subcaves | Entered Materials 567 | -8/Materials | Reached level 3 572 | -8/Materials | Upgraded with Propulsion slot (x1) 576 | -8/Materials | Upgraded with Propulsion slot (x1) 587 | -8/Materials | Identified exit to Storage 593 | -8/Materials | Upgraded with Weapon slot (x2) 612 | -8/Materials | Reached level 4 620 | -8/Materials | Upgraded with Weapon slot (x1) 689 | -8/Materials | Discovered new exit (range 15) 720 | -8/Materials | Upgraded with Utility slot (x1) 860 | -8/Materials | Core integrity fell below 50% 883 | -8/Materials | Discovered new exit (range 13) 887 | -8/Materials | Build established: Hacker-Sprinter 932 | -8/Materials | Core integrity fell below 20% 937 | -8/Materials | Identified exit to Factory 951 | -8/Materials | Central database locked down 965 | -8/Materials | Search patrols dispatched 980 | -8/Materials | Entered Storage 982 | -8/Storage | Reached level 5 1064 | -8/Storage | Destroyed by G-50 Soldier with Heavy Laser Last Messages --------------- 01033_ Y-45 Defender system terminally corrupted. 01035_ U-05 Engineer builds a Wall. 01040_ Sneak attack on A-02 Transporter. 01040_ A-02 Transporter suffers critical hit (Smash). 01040_ Destroyed Transport Network Coupler. 01040_ A-02 Transporter system corrupted by crushing effect. 01040_ A-02 Transporter destroyed. 01056_ K-01 Serf collects debris. 01059_ ALERT: Hostiles spotted, dispatching reinforcements to Terminal S011. 01062_ O-16 Technician sends out distress signal. 01062_ K-01 Serf collects debris. 01064_ C-30 ARC bursts open, deploying its payload. 01064_ G-50 Soldier unfolds itself. 01064_ G-47 Trooper unfolds itself. Map ----- +----------------------------------------------------+ | | | | | | | | | | | | | | | | | | | | | | | | | | | ???????????????????????????????????????? | | ######?######## ???????????????????????? | | ######?######## ???????????????????????? | | ## ? # ???????????????????????? | | ## """ # ???????????????????????? | | ## """ ! # ???????????????????????? | | ## """ # ???????????????????????? | | ## """ # ???????????????????????? | | ## """ # ???????????????????????? | | ## "Y" # ??####??????????? | | # """ #####+#########??????????? | | ####/#+####### #####T#"??????????? | | ####### Y a @ "?>????????? | | Y g "??????????? | | ########+##+###%g #######"??????????? | | ### g##Y #########??????????? | | ### ## ###????????????????? | | ### ## ##?????????????????? | | ### ## ##?????????????????? | | ### ## ##?????????????????? | | ################ #?????????????????? | | ## + ??????????????????? | | ##????????????## ??????????????????? | | #????????????## # ????????????????? | | ?????????????### ## ????????????????? | | + ???????????### ## ????????????????? | | # ????????????## ##?????????????????? | | # ?????????????? ???????????????????? | | ## ?????????????? ???????????????????? | | ###???????????????????????????????????? | | ???????????????????????????????????????? | | ???????????????????????????????????????? | | ???????????????????????????????????????? | | ???????????????????????????????????????? | | ???????????????????????????????????????? | | ???????????????????????????????????????? | | ???????????????????????????????????????? | +----------------------------------------------------+ Best States ------------- Heat Dissipation 31 Coolant Potential 65 Energy Generation 14 Energy Capacity 160 Matter Stores 300 Matter Capacity 300 Sight Range 16 Terrain Scan Density 10 Melee Speed Boost 20 Evasion (%) 64 Offensive Hacking 10 Defensive Hacking 15 Item Schematics ----------------- Hammer | -10/Materials | Hacked Hvy. Mace | -8/Materials | Hacked Cesium-ion Thruster | -8/Materials | Hacked Robot Schematics ------------------ H-55 Commando | -8/Storage | Hacked Fabricated ------------ Nothing Repaired ---------- Nothing Studied --------- VTOL Module | -8/Materials | Hacked Alien Tech Used ----------------- None Achievements -------------- None Challenges ------------ None RPGLIKE | -11 -10 -10 -8 -8 --------- Run | Yrd Mat Sub Mat Sto Levels Raised 4 | . 1 . 2 1 XP Earned 10160 | 3000 1660 1000 3020 1480 XP Spent 7450 | . 2600 . 4850 . Upgrades 13 | . 6 . 7 . Propulsion Slot 3 | . 1 . 2 . Utility Slot 1 | . . . 1 . Weapon Slot 3 | . . . 3 . Heat Dissipation 1 | . . . 1 . Hack Attack % 2 | . 2 . . . Hack Defense % 3 | . 3 . . . Protomatter Created 329 | . 162 . 167 . Integrity Restored 636 | . 444 . 192 . Core 636 | . 444 . 192 . Protomatter Decayed 103 | . . . 103 . Game ------ Seed GlidesysMinesnifferCoupler Manual? 0 Play Time 00:24:27 Cumulative 206.8 hours Start 2026.02.24 @ 13:33:47 End 2026.02.24 @ 14:04:47 Sessions 1 Manual Loads 0 Difficulty Rogue Special Mode Winter2019/RPGLIKE Game No. 208 Rogue 208 Adventurer 0 Explorer 0 Win Type - Total 14 Types 11/0/1/1/0/0/1/0/0/0 Lore% 67 Gallery% 57 Achievement% 51 Wizard Run 0 Options --------- Layout 2 ASCII 0 Keyboard 0 Movement Numpad Keybinds 0 Fullscreen 1 Font 24/Smallcaps Map View 50x44 Zoom Use 0% Tactical HUD 1 Map Filters NONE Filters NONE Steam 1 RUN: 40cd5998-50ba-46dd-9ec3-75ccd660af31